 Dungeon Crawl Stone Soup version bcrawl-1.38.3 (webtiles) character file.

Game seed: 14789217468383081011

313997 Corvidia the Skirmisher (level 10, -4/79 HPs)
             Began as a Demonspawn Fighter on June 29, 2023.
             Was a Priest of Wu Jian.
             Slain by an orc warrior
             ... wielding a +0 war axe
              (19 damage)
             ... on level 8 of the Dungeon.
             The game lasted 00:11:00 (7926 turns).

Corvidia the Skirmisher (Demonspawn Fighter)        Turns: 7926, Time: 00:11:00

Health: -4/79      AC: 12    Str: 21    XL:     10   Next: 26%
Magic:  16/16      EV: 11    Int: 12    God:    Wu Jian [***...]
Gold:   407        SH: 10    Dex: 14    Spells: 12/17 levels left

rFire    + . .     GDR:     29% x - +2 dagger (venom)
rCold    + . .     SeeInvis .   c - +0 medium shield
rNeg     . . .     Gourm    .   H - +1 ring mail {rF+}
rPois    +         Faith    .   (helmet restricted)
rElec    .         Spirit   .   o - +1 cloak {rPois}
rCorr    +         Reflect  .   s - +0 pair of gloves
MR       .....     Clarity  +   (no boots)
Stlth    ..........             (no amulet)
HPRegen  0.23/turn              l - ring of flight
MPRegen  0.15/turn              v - ring of resist corrosion

@: mighty
A: hooves 1, horns 2, icy blue scales 1, clarity, cold resistance 1, powered by
pain 1, freezing cloud immunity, subdued magic 1
a: Wall Jump, Serpent's Lash, Renounce Religion, Evoke Flight


You were on level 8 of the Dungeon.
You worshipped Wu Jian.
Wu Jian was most pleased with you.
You were not hungry.

You visited 2 branches of the dungeon, and saw 9 of its levels.
You also visited: Ossuary.

You collected 576 gold pieces.
You spent 169 gold pieces at shops.

Inventory:

Hand Weapons
 a - a +0 long sword
 x - a +2 dagger of venom (weapon)
Armour
 c - a +0 medium shield (worn)
 o - a +1 cloak of poison resistance (worn)
 s - a +0 pair of gloves (worn)
 H - a +1 ring mail of fire resistance (worn)
Jewellery
 l - a ring of flight (left hand)
 v - a ring of resist corrosion (right hand)
Wands
 m - a wand of digging (6)
 A - a wand of iceblast (20)
 B - a wand of scattershot (6)
Scrolls
 f - 8 scrolls of remove curse
 h - a scroll of enchant weapon {unknown}
 i - 4 scrolls of identify
 j - a scroll of immolation {unknown}
 k - 3 scrolls of fear
 n - a scroll of blinking {unknown}
 q - 2 scrolls of teleportation
 t - a scroll of amnesia
 y - 2 scrolls of magic mapping
 F - 2 scrolls of noise
Potions
 b - 2 potions of invisibility {unknown}
 d - 5 potions of might
 g - 2 potions of heal wounds
 r - 2 potions of cancellation {unknown}
 u - a potion of magic {unknown}
 w - 3 potions of curing
 z - 4 potions of haste
 C - 3 potions of agility {unknown}
 D - a potion of mutation
 E - a potion of berserk rage
 G - a potion of flight {unknown}
Comestibles
 e - 16 rations {!d}
 p - a chunk of flesh


   Skills:
 + Level 7.5 Fighting
 - Level 2.0 Long Blades
 - Level 4.0 Armour
 + Level 6.7 Dodging
 - Level 6.0 Shields
 - Level 4.0 Spellcasting
 + Level 5.2 Charms
 - Level 5.0 Evocations


You had 12 spell levels left.
You knew the following spells:

 Your Spells              Type           Power        Failure   Level  Hunger
a - Infusion              Chrm           ##......     32%         1    None
b - Song of Slaying       Chrm           ##......     47%         2    None
c - Swiftness             Chrm/Air       #.......     83%         2    None

Your spell library contained the following spells:

 Spells                   Type           Power        Failure   Level  Hunger
 Necrotize                Necr           #.....       96%         1    None
 Ozocubu's Armour         Chrm/Ice       #.......     97%         3    ###....
 Regeneration             Chrm/Necr      #.........   97%         3    ###....
 Spectral Weapon          Hex/Chrm       #.......     97%         3    ###....
 Vampiric Draining        Necr           #.........   100%        3    ###....
 Agony                    Necr           #.......     100%        4    #####..
 Animate Dead             Necr           N/A          100%        4    #####..
 Dispel Undead            Necr           #.......     100%        5    ######.


Dungeon Overview and Level Annotations

Branches:
Dungeon (8/12)             Temple (1/1) D:5            Lair (0/6) D:7
    Orc (0/1) D:8

Altars:
Ashenzari
Cheibriados
Dithmenos
Fedhas
Gozag
Kikubaaqudgha
Lugonu
Makhleb
Nemelex Xobeh
Okawaru
Qazlal
Ru
Sif Muna
Trog
Uskayaw
Vehumet
Wu Jian
Yredelemnul

Shops:
D:5 !   D:6 (??:

Annotations:
D:6 3 runed translucent doors, foxfromabyss's ghost, novice DsCK


Innate Abilities, Weirdness & Mutations

You have a pair of horns on your head.
You are partially covered in icy blue scales. (AC +2)
Your flesh is cold resistant. (rC+)
You sometimes gain a little power by taking damage.
You are immune to freezing clouds.
You have large cloven feet.
You possess an exceptional clarity of mind.
Your spells are a little easier to cast, but a little less powerful.


Message History

You block the orc warrior's attack.
Items here: ) ? [ † a +0 spear; a +0 animal skin; a scroll labeled WINO FUILIEDGHE the gnoll corpse of Grum The orc warrior rages.
The orc warrior hits you with a +0 war axe!
Things that are here:
a +0 war axe; a +0 chain mail; an orc skeleton The orc warrior looks more healthy.
The orc warrior hits you with a +0 war axe!!
* * * LOW HITPOINT WARNING * * *
The orc warrior rages.
The orc warrior hits you with a +0 war axe.
* * * LOW HITPOINT WARNING * * *
Okay, then.
Okay, then.
You block the orc warrior's attack.
The orc warrior rages.
The orc warrior hits you with a +0 war axe!!
You die...

#......####..####...# #..# ...#
..####.......## ##..###..#...#
.## #..####..# ##..##.....# .#
#..# #..# ##..)....## ## ##.##
##.## ##..........# # #..#
#.(###....#........ # ###..##
##.......###.......#
###.....####......#####.......#
.........##..###@.###...####..##
............## ##o.....## #..##
.÷.......(..# #.....## ...
#.........[.# ##....# ..
##..........# #...## ##.#
###..##.....######...## #..# #
#..####.............### ##.# #
##.# #..........#....###..# .#
#.. #.....###..##....)...##


You could see an orc warrior (berserk).

Vanquished Creatures
  A two-headed ogre (D:8)
  Pikel (D:7)
  A komodo dragon (D:7)
  Grum (D:8)
  4 hogs (D:7)
  A human (D:7)
  A hungry ghost (D:8)
  A water moccasin (D:6)
  2 necrophages
  3 phantoms
  An ice beast (D:5)
  2 orc warriors (D:8)
  3 wolves (D:8)
  An ogre (D:6)
  5 bullfrogs
  A kobold brigand (D:7)
  2 centaurs
  A water moccasin zombie (Ossuary)
  3 scorpions
  An orc priest (D:6)
  A crimson imp (D:5)
  2 bullfrog zombies
  An orc wizard (D:6)
  4 hounds
  2 iguanas
  Jessica (D:2)
  2 worker ants (D:4)
  2 mummies (Ossuary)
  A howler monkey zombie (D:6)
  4 gnolls (D:6)
  A howler monkey skeleton (D:6)
  6 adders
  3 shadow imps
  2 adder zombies
  3 worms
  5 dart slugs
  3 leopard geckos (D:3)
  13 orcs
  2 giant cockroaches (D:1)
  4 gnoll zombies (Ossuary)
  6 goblins
  6 hobgoblins
  14 jackals
  4 quokkas
  8 bats
  6 frilled lizards
  5 hobgoblin zombies (Ossuary)
  8 kobolds
  4 kobold zombies (Ossuary)
  9 orc zombies (Ossuary)
  A quokka zombie (D:5)
  7 rats
176 creatures vanquished.

Vanquished Creatures (others)
  3 plants (D:7)
3 creatures vanquished.

Grand Total: 179 creatures vanquished

Notes
Turn   | Place    | Note
-------+----------+-------------------------------------------
     0 | D:1      | Corvidia the Demonspawn Fighter began the quest for the
                  | Orb.
     0 | D:1      | Reached XP level 1. HP: 18/18 MP: 1/1
   280 | D:1      | Gained mutation: You are partially covered in icy blue
                  | scales. (AC +2) [demonic ancestry]
   280 | D:1      | Reached XP level 2. HP: 24/24 MP: 2/2
   668 | D:1      | Reached skill level 1 in Dodging
  1178 | D:2      | Gained mutation: Your flesh is cold resistant. (rC+)
                  | [demonic ancestry]
  1178 | D:2      | Reached XP level 3. HP: 21/29 MP: 3/3
  1263 | D:2      | Noticed Jessica
  1265 | D:2      | Killed Jessica
  1525 | D:2      | Found a faded altar of an unknown god.
  1779 | D:2      | Reached XP level 4. HP: 34/35 MP: 4/4
  2104 | D:3      | Found a blossoming altar of Fedhas.
  2240 | D:3      | Found a glowing silver altar of Zin.
  2243 | D:3      | Found a sparkling altar of Nemelex Xobeh.
  2536 | D:3      | Reached XP level 5. HP: 41/41 MP: 5/5
  2843 | D:4      | Noticed a phantom
  2877 | D:4      | Killed a phantom
  2878 | D:4      | Reached skill level 1 in Evocations
  3040 | D:4      | Noticed a phantom
  3094 | D:4      | Gained mutation: You possess an exceptional clarity of
                  | mind. [potion of mutation]
  3094 | D:4      | Gained mutation: Your spells are a little easier to cast,
                  | but a little less powerful. [potion of mutation]
  3094 | D:4      | Gained mutation: You have large cloven feet. [potion of
                  | mutation]
  3120 | D:4      | Killed a phantom
  3121 | D:4      | Gained mutation: You have a pair of small horns on your
                  | head. [demonic ancestry]
  3121 | D:4      | Reached XP level 6. HP: 25/47 MP: 5/7
  3558 | D:4      | Found a shimmering blue altar of Sif Muna.
  3685 | D:5      | Entered Level 5 of the Dungeon
  3685 | D:5      | Found Ibruhex's Distillery.
  3689 | D:5      | Bought a potion of curing for 27 gold pieces
  3689 | D:5      | Bought a potion of curing for 27 gold pieces
  3689 | D:5      | Bought a potion of heal wounds for 55 gold pieces
  3692 | D:5      | Found a staircase to the Ecumenical Temple.
  3702 | Temple   | Entered the Ecumenical Temple
  3809 | Temple   | Became a worshipper of the Wu Jian Council
  3839 | D:5      | Gained mutation: You have a pair of horns on your head.
                  | [demonic ancestry]
  3839 | D:5      | Reached XP level 7. HP: 41/53 MP: 8/8
  3887 | D:5      | Reached skill level 4 in Fighting
  4176 | D:5      | Learned a level 1 spell: Infusion
  4179 | D:5      | Learned a level 2 spell: Song of Slaying
  4182 | D:5      | Learned a level 2 spell: Swiftness
  4253 | D:5      | Found a burning altar of Makhleb.
  4546 | D:5      | Reached skill level 5 in Shields
  4559 | D:5      | Found a bloodstained altar of Trog.
  4567 | D:5      | Reached * piety under Wu Jian
  4776 | D:6      | Found a sand-covered staircase.
  4784 | Ossuary  | Entered an ossuary
  4806 | Ossuary  | Reached XP level 8. HP: 60/61 MP: 10/10
  4913 | Ossuary  | Reached ** piety under Wu Jian
  4975 | D:6      | Found Haeranun's Magic Scroll Emporium.
  4987 | D:6      | Bought a scroll of teleportation for 30 gold pieces
  4987 | D:6      | Bought a scroll of teleportation for 30 gold pieces
  5126 | D:6      | Reached skill level 1 in Spellcasting
  5235 | D:6      | Reached skill level 5 in Fighting
  5244 | D:6      | Reached skill level 1 in Charms
  5274 | D:6      | Found Buwk's Book Shop.
  5337 | D:6      | Found Exzifius's Weapon Shop.
  5385 | D:6      | Found Sitasomo's Magic Scroll Boutique.
  5580 | D:6      | Found a hide-covered altar of Uskayaw.
  5683 | D:6      | Found a runed translucent gate.
  5684 | D:6      | Found a stormy altar of Qazlal.
  5688 | D:6      | Found a runed translucent gate.
  5688 | D:6      | Found a runed translucent gate.
  5692 | D:6      | Noticed foxfromabyss's ghost (novice DsCK)
  5816 | D:6      | Found an opulent altar of Gozag.
  6240 | D:7      | Found a radiant altar of Vehumet.
  6385 | D:7      | Gained mutation: You are immune to freezing clouds.
                  | [demonic ancestry]
  6385 | D:7      | Reached XP level 9. HP: 69/69 MP: 12/12
  6486 | D:7      | Noticed Pikel
  6509 | D:7      | Killed Pikel
  6510 | D:7      | Reached skill level 5 in Dodging
  6510 | D:7      | Reached skill level 5 in Evocations
  6663 | D:7      | Reached skill level 6 in Fighting
  6730 | D:7      | Found a staircase to the Lair.
  6731 | D:7      | Noticed a komodo dragon
  7101 | D:7      | Killed a komodo dragon
  7281 | D:8      | Reached *** piety under Wu Jian
  7396 | D:8      | Noticed a two-headed ogre
  7397 | D:8      | Noticed Grum
  7431 | D:8      | Killed a two-headed ogre
  7432 | D:8      | Reached skill level 7 in Fighting
  7432 | D:8      | Gained mutation: You sometimes gain a little power by
                  | taking damage. [demonic ancestry]
  7432 | D:8      | Reached XP level 10. HP: 46/79 MP: 14/16
  7737 | D:8      | Found a staircase to the Orcish Mines.
  7762 | D:8      | Reached skill level 5 in Charms
  7884 | D:8      | Killed Grum
  7926 | D:8      | Slain by an orc warrior

Skill      XL: |  1  2  3  4  5  6  7  8  9 10 |
---------------+-------------------------------+-----
Long Blades    | 2 |  2.0
Armour         | 3 4 |  4.0
Dodging        | 1 2 3 4 6 |  6.7
Shields        | 3 4 5 6 |  6.0
Evocations     | 1 2 3 4 5 |  5.0
Fighting       | 4 5 7 |  7.5
Spellcasting   | 2 4 |  4.0
Charms         | 2 4 5 |  5.2

Action                   |  1- 3 |  4- 6 |  7- 9 | 10-12 || total
-------------------------+-------+-------+-------+-------++-------
Melee: Long sword        |   134 |   192 |    60 |       ||   386
       Dagger            |       |    17 |   317 |    35 ||   369
       Kick              |       |    10 |   123 |    10 ||   143
       Headbutt          |       |     3 |    86 |     6 ||    95
Invok: Lunge             |       |       |    22 |     2 ||    24
       Whirlwind         |       |       |     9 |       ||     9
  Use: Scroll            |     1 |     1 |     5 |       ||     7
       Potion            |       |     3 |       |       ||     3
  Eat: Chunk             |     7 |    14 |    22 |     4 ||    47
Armor: Scale mail        |    87 |   103 |     7 |       ||   197
       Skin              |       |     1 |       |       ||     1
       Chain mail        |       |       |   151 |       ||   151
       Ring mail         |       |       |    21 |     7 ||    28
Dodge: Dodged            |    33 |    49 |    89 |    14 ||   185
Block: Medium shield     |    69 |    80 |   178 |    21 ||   348
